 Dungeon Crawl Stone Soup version 0.28-a0-983-g1de4e0787c (webtiles) character file.

Game seed: 15892346508749679411

65 Anon1729 the Poker (level 4, -3/37 HPs)
             Began as a Merfolk Monk on Dec 2, 2021.
             Was a Priest of Sif Muna.
             Slain by a gnoll (9 damage)
             ... on level 2 of the Dungeon.
             The game lasted 00:01:10 (2017 turns).

Anon1729 the Poker (Merfolk Monk)                   Turns: 2017, Time: 00:01:11

Health: -3/37      AC:  2    Str: 11    XL:     4   Next: 13%
Magic:  4/4        EV: 14    Int: 11    God:    Sif Muna [***...]
Gold:   44         SH:  0    Dex: 16    Spells: 3/3 levels left

rFire   . . .      SeeInvis .   a - +0 spear
rCold   . . .      Faith    .   (no shield)
rNeg    . . .      Spirit   .   b - +0 robe
rPois   .          Reflect  .   (no helmet)
rElec   .          Harm     .   (no cloak)
rCorr   .          Rampage  .   (no gloves)
Will    .....                   (no boots)
Stlth   ++........              (no amulet)
HPRegen 0.12/turn               (no ring)
MPRegen 0.09/turn               (no ring)

@: no status effects
A: (nimble swimmer 2), mertail
a: Renounce Religion, Channel Magic, Forget Spell


You were on level 2 of the Dungeon.
You worshipped Sif Muna.
Sif Muna was most pleased with you.
You visited 1 branch of the dungeon, and saw 2 of its levels.

You collected 44 gold pieces.

Inventory:

Hand Weapons
 a - a +0 spear (weapon)
Armour
 b - a +0 robe (worn)
Jewellery
 e - a ring of ice
Scrolls
 c - a scroll of vulnerability {unknown}
 d - a scroll of fog {unknown}
 f - 2 scrolls of enchant weapon {unknown}
 g - a scroll of fear {unknown}
 j - a scroll of enchant armour {unknown}
Potions
 h - 2 potions of curing {unknown}
 i - a potion of brilliance {unknown}
 k - a potion of heal wounds {unknown}


   Skills:
 + Level 3.7 Fighting
 * Level 5.6 Polearms
 + Level 4.5 Dodging
 + Level 3.0 Stealth
 + Level 0.2 Spellcasting


You had 3 spell levels left.
You didn't know any spells.
Your spell library contained the following spells:

 Spells                   Type           Power      Damage    Failure   Level
 Conjure Flame            Conj/Fire      0%         6-21      71%         3
 Ignite Poison            Fire/Tmut/Pois 0%         N/A       71%         3
 Sticky Flame             Conj/Fire      0%         2d3       98%         4


Dungeon Overview and Level Annotations

Branches:
Dungeon (2/15)

Altars:
Sif Muna


Innate Abilities, Weirdness & Mutations

((You are quick and stealthy near water. (Stealth+, EV+, Speed+++)))
Your lower body shifts to a powerful aquatic tail in water.


Message History

The gnoll is severely wounded.
The gnoll hits you with a +2 vampiric whip.
You are too injured to fight recklessly!
You are too injured to fight recklessly!
You are too injured to fight recklessly!
You are too injured to fight recklessly!
You are too injured to fight recklessly!
You are too injured to fight recklessly!
You are too injured to fight recklessly!
You are too injured to fight recklessly!
You are too injured to fight recklessly!
You are too injured to fight recklessly!
You are too injured to fight recklessly!
You are too injured to fight recklessly!
You are too injured to fight recklessly!
You are too injured to fight recklessly!
You are too injured to fight recklessly!
You are too injured to fight recklessly!
You are too injured to fight recklessly!
You are too injured to fight recklessly!
You are too injured to fight recklessly!
You are too injured to fight recklessly!
You are too injured to fight recklessly!
You are too injured to fight recklessly!
You hit the gnoll.
You kill the gnoll!
Sif Muna accepts your kill.
Your Stealth skill increases to level 3!
You have reached level 4!
You barely miss the gnoll. You closely miss the gnoll. The gnoll misses you.
You hit the gnoll but do no damage. The gnoll hits you with a +0 flail.
You hit the gnoll.
The gnoll is lightly wounded.
The gnoll hits you with a +0 flail!
* * * LOW HITPOINT WARNING * * *
You hit the gnoll.
The gnoll is moderately wounded.
The gnoll hits you with a +0 flail!
You die...

#....##........#)......#..
#....##.#......#..####.###
####....#......#...# #..
#.####......#.#... #.#
#.####......#..⌠.####.#
#....'......#.#..#....#
######......#.. ##.####
#.###### #.##.# #@# #.##..
#g# #.##.# #g. #.##.# ####
#.##.# #....# ######


You could see 2 gnolls.

Vanquished Creatures
  A gnoll (D:2)
  A worm (D:2)
  2 dart slugs (D:2)
  2 ball pythons (D:1)
  5 bats
  6 endoplasms
  A giant cockroach (D:1)
  2 goblins
  5 hobgoblins
  2 jackals (D:2)
  3 quokkas
  5 frilled lizards
  4 kobolds
  6 rats (D:1)
45 creatures vanquished.

Notes
Turn   | Place    | Note
-------+----------+-------------------------------------------
     0 | D:1      | Anon1729 the Merfolk Monk began the quest for the Orb.
     0 | D:1      | Reached XP level 1. HP: 18/18 MP: 1/1
   177 | D:1      | Found a faded altar of an unknown god.
   197 | D:1      | Reached XP level 2. HP: 24/24 MP: 2/2
   212 | D:1      | Prayed at the altar of an unknown god.
   212 | D:1      | Became a worshipper of Sif Muna the Loreminder
   212 | D:1      | Reached * piety under Sif Muna
   212 | D:1      | Reached ** piety under Sif Muna
   278 | D:1      | Reached *** piety under Sif Muna
   497 | D:1      | Reached skill level 5 in Polearms
  1042 | D:1      | Reached XP level 3. HP: 28/29 MP: 3/3
  2013 | D:2      | Reached XP level 4. HP: 19/37 MP: 4/4
  2017 | D:2      | Slain by a gnoll

Illustrated notes

Levels and vault maps discovered:
D:1:      amcnicky_arrival_blooded_trapdoor, layout_basic,
          basic_ecumenical_altar, minmay_misc_feat_rows
D:2:      layout_basic, hangedman_feature_mirror

Skill      XL: |  1  2  3 |
---------------+----------+-----
Polearms       | 5 |  5.6
Stealth        | 3 |  3.0
Fighting       | |  3.7
Dodging        | |  4.5
Spellcasting   | |  0.2

Action                   |  1- 3 |  4- 6 || total
-------------------------+-------+-------++-------
Melee: Spear             |   152 |     5 ||   157
 Stab: Sleeping          |    14 |       ||    14
Armor: Robe              |     8 |       ||     8
Dodge: Dodged            |    61 |     1 ||    62

Table legend: (Time is in decaauts)
 A = Elapsed time spent in this place.
 B = Non-inter-level travel time spent in this place.
 C = Inter-level travel time spent in this place.
 D = Time resting spent in this place.
 E = Time spent auto-exploring this place.
 F = Levels seen in this place.
 G = Mean time per level.
                   A        B        C        D        E       F      G
               +--------+--------+--------+--------+--------+-----+--------+
         Total |   1993 |   1970 |     23 |      0 |   1696 |   2 |  996.5 |
       Dungeon |   1993 |   1970 |     23 |      0 |   1696 |   2 |  996.5 |
               +--------+--------+--------+--------+--------+-----+--------+

Top non-repeatable levels by time:
     D:1: 1237 daAuts
     D:2: 756 daAuts
